 Dungeon Crawl Stone Soup version 0.30.0-10-gfe55d96785 (webtiles) character file.

Game seed: 4573061099489279086

2600644 kuniqs the Conqueror (level 26, 266/266 HPs)
             Began as a Minotaur Berserker on May 14, 2023.
             Was the Champion of Trog.
             Escaped with the Orb
             ... and 4 runes!
             The game lasted 01:51:28 (57694 turns).

kuniqs the Conqueror (Minotaur Berserker)          Turns: 57694, Time: 01:51:28

Health: 266/266    AC: 47    Str: 31    XL:     26   Next: 8%
Magic:  7/7        EV: 28    Int:  7    God:    Trog [******]
Gold:   2151       SH: 22    Dex: 17    Spells: 25/25 levels left

rFire   + + .        R - +9 broad axe (antimagic)
rCold   + + .        L - +5 Storm Queen's Shield {shock, Fly rElec}
rNeg    + . .        E - +8 shadow dragon scales "Fiti" {+Blink SInv Stlth++++}
rPois   .            A - +2 hat
rElec   +            I - +2 cloak
rCorr   +            J - +2 pair of gloves {hurl}
SInv    +            p - +1 pair of boots of the Lost Riding Scars {-Cast rElec rN+ rCorr}
Will    +....        S - amulet "Kuvvea" {Spirit Drain rC+ Regen+ Int+3}
Stlth   +            D - ring of Cyumydi {rF++ rC+ Slay+5 Stlth-}
HPRegen 1.44/turn    O - ring "Kixarph" {EV+5 Str+4}
MPRegen 0.10/turn

%: no spellcasting, guardian spirit
@: flying, hasted, studying 2 skills, very quick
A: horns 2, retaliatory headbutt, iridescent scales 1
0: Orb of Zot
}: 4/15 runes: serpentine, barnacled, silver, abyssal
a: Renounce Religion, Evoke Blink, Berserk, Trog's Hand, Brothers in Arms


You escaped.
You worshipped Trog.
Trog was exalted by your worship.
You visited 10 branches of the dungeon, and saw 48 of its levels.
You visited the Abyss 2 times.
You also visited: Trove and Sewer.

You collected 8708 gold pieces.
You spent 6557 gold pieces at shops.

Inventory:

Hand Weapons
 n - the +18 lance "Wyrmbane" {slay drac, rPois rF+ rC+ AC+3}
   (You found it on level 2 of the Vaults)

   AC:        It affects your AC (+3).
   rF:        It protects you from fire.
   rC:        It protects you from cold.
   rPois:     It protects you from poison.
 H - a +9 spectral broad axe
 R - a +9 antimagic broad axe (weapon)
 T - a +6 vampiric broad axe
Missiles
 U - 4 throwing nets (quivered)
Armour
 p - the +1 pair of boots of the Lost Riding Scars (worn) {-Cast rElec rN+ rCorr}
   (You found it on level 3 of the Dungeon)

   rElec:     It insulates you from electricity.
   rN:        It protects you from negative energy.
   -Cast:     It prevents spellcasting.
   rCorr:     It protects you from acid and corrosion.
 A - a +2 hat (worn)
 E - the +8 shadow dragon scales "Fiti" (worn) {+Blink SInv Stlth++++}
   (You found it on level 3 of the Depths)

   SInv:      It lets you see invisible.
   +Blink:    It lets you blink.
   Stlth:     It makes you much more stealthy.
 I - a +2 cloak (worn)
 J - a +2 pair of gloves of hurling (worn)
 L - the +5 Storm Queen's Shield (worn) {shock, Fly rElec}
   (You found it on level 3 of the Depths)

   Shock:     When it blocks an attack, it may electrocute the attacker.
   This works even against foes who are a short distance away.
   rElec:     It insulates you from electricity.
   Fly:       It grants you flight.
 Z - the +0 hat of the Accordion {-Tele Dex+3 Slay+4}
   (You acquired it on level 2 of the Elven Halls)

   Dex:       It affects your dexterity (+3).
   Slay:      It affects your accuracy & damage with ranged weapons and melee
   (+4).
   -Tele:     It prevents most forms of teleportation.
Jewellery
 h - the ring of Equilibrium {rF+ rN+ SInv}
   (You found it on level 13 of the Dungeon)

   [ring of protection from fire]

   rF:        It protects you from fire.
   rN:        It protects you from negative energy.
   SInv:      It lets you see invisible.
 q - the ring "Uwoinlar" {rElec rC+ rN+}
   (You found it on level 3 of the Elven Halls)

   [ring of protection from cold]

   rC:        It protects you from cold.
   rElec:     It insulates you from electricity.
   rN:        It protects you from negative energy.
 D - the ring of Cyumydi (left hand) {rF++ rC+ Slay+5 Stlth-}
   (You found it on level 1 of the Depths)

   [ring of protection from cold]

   Slay:      It affects your accuracy & damage with ranged weapons and melee
   (+5).
   rF:        It greatly protects you from fire.
   rC:        It protects you from cold.
   Stlth:     It makes you less stealthy.
 O - the ring "Kixarph" (right hand) {EV+5 Str+4}
   (You bought it in a shop on level 4 of the Dungeon)

   [ring of evasion]

   EV:        It affects your evasion (+5).
   Str:       It affects your strength (+4).
 S - the amulet "Kuvvea" (around neck) {Spirit Drain rC+ Regen+ Int+3}
   (You bought it in a shop on level 3 of the Elven Halls)

   [amulet of guardian spirit]

   It causes incoming damage to be divided between your reserves of health and
   magic.
   Int:       It affects your intelligence (+3).
   rC:        It protects you from cold.
   Regen:     It increases your rate of health regeneration.
   Drain:     It drains your maximum health when unequipped.
 V - the ring of Harmony {rPois Str+4}
   (You bought it in a shop on level 2 of the Orcish Mines)

   [ring of poison resistance]

   Str:       It affects your strength (+4).
   rPois:     It protects you from poison.
Wands
 a - a wand of polymorph (28)
 i - a wand of acid (35)
 x - a wand of paralysis (35)
 C - a wand of roots (38)
 N - a wand of digging (1)
 Y - a wand of mindburst (13)
Scrolls
 j - a scroll of enchant weapon
 o - 6 scrolls of fear
 r - 10 scrolls of immolation
 s - 3 scrolls of summoning
 t - 15 scrolls of teleportation
 w - 6 scrolls of enchant armour
 y - 8 scrolls of blinking
 G - 9 scrolls of poison
 K - a scroll of magic mapping
 P - 8 scrolls of vulnerability
 Q - 9 scrolls of fog
 W - 5 scrolls of silence
Potions
 c - 5 potions of ambrosia
 d - 7 potions of berserk rage
 e - 6 potions of attraction
 f - 6 potions of flight
 g - 6 potions of haste
 k - 5 potions of resistance
 l - 26 potions of curing
 u - 6 potions of invisibility
 v - 9 potions of mutation
 B - 3 potions of might
 F - 3 potions of heal wounds
 M - 3 potions of cancellation
Miscellaneous
 b - a lightning rod (4/4)
 m - a condenser vane
 z - a phial of floods


   Skills:
 O Level 27 Fighting
 - Level 24.2 Axes
 - Level 3.6(16.4) Maces & Flails
 - Level 2.0 Throwing
 + Level 26.0 Armour
 + Level 24.1 Dodging
 - Level 22.2 Shields
 - Level 13.0 Evocations


You had 25 spell levels left.
You didn't know any spells.
Your spell library was empty.

Dungeon Overview and Level Annotations

Branches:
Dungeon (15/15)            Temple (1/1) D:6            Lair (5/5) D:10
 Shoals (4/4) Lair:2        Snake (4/4) Lair:2        Slime (0/5) Lair:4
    Orc (2/2) D:12            Elf (3/3) Orc:2        Vaults (5/5) D:14
  Crypt (0/3) Vaults:3     Depths (4/4) D:15            Zot (5/5) Depths:4
  Sewer (visited)

Altars:
Ashenzari
Cheibriados
Dithmenos
Elyvilon
Fedhas
Gozag
Hepliaklqana
Kikubaaqudgha
Nemelex Xobeh
Okawaru
Qazlal
Ru
Trog
Uskayaw
Wu Jian
Xom
Yredelemnul
The Shining One

Shops:
D:4 [=   Orc:1 (*:*   Orc:2 ==!?   Elf:2 :   Elf:3 !=(   Shoals:3 ?:*[
Snake:1 (   Snake:2 *![[   Vaults:5 !

Portals:
Hell: Depths:1 Depths:2 Depths:3 Depths:4
Abyss: Depths:3
Pandemonium: Depths:2
Ziggurat: Depths:1

Annotations:
D:2 dig
D:4 1 runed translucent door, P0WERM0DE's ghost, amateur MeEE
D:13 exclusion: obsidian statue
Orc:2 3 runed translucent doors, Foic's ghost, journeyman DESu
Zot:2 3 transporters


Innate Abilities, Weirdness & Mutations

You have a pair of horns on your head.
You reflexively headbutt those who attack you in melee.
You are partially covered in iridescent scales. (AC +2)


Message History

Level annotation: 1 runed translucent door, P0WERM0DE's ghost, amateur MeEE
There is a stone staircase leading down here.
There is a stone staircase leading up here.
You fly upwards.
There is a stone staircase leading down here.
A soul eater comes into view.
Aiming: Dig
Press: ? - help, Shift-Dir - straight line You can't see that place. [a rock wall.]
The rock shatters into small pieces.
An orc comes into view. It is wielding a +0 falchion.
The orc throws a boomerang.
You block the boomerang.
You closely miss the orc. You headbutt the orc.
The orc is severely wounded.
You block the orc's attack.
You completely miss the orc. You headbutt the orc.
You kill the orc!
Trog accepts your kill.
Things that are here:
a +0 falchion; 2 boomerangs
There is a stone staircase leading up here.
You fly upwards.
Level annotation: dig
There is a stone staircase leading down here.
(D) Dungeon (T) Temple (L) Lair (A) Shoals (P) Snake Pit (M) Slime Pits (O) Orcish Mines (E) Elven Halls (V) Vaults (C) Crypt (U) Depths (H) Hell (Z) Zot
Where to? (Enter - D:1, ? - help)
There is an open door here.
There is a stone staircase leading up here.
You fly upwards.
There is a stone staircase leading down here.
A Hell Sentinel comes into view.
You feel yourself speed up.
Things that are here:
3 stones; a +0 club
There is a staircase leading out of the dungeon here.
You have escaped!

#.......)...........###......
#.......#.......#.(...##.....
#####.......#.......##.##.##.....
............#.≈≈....##.##.(......
............#.≈≈....##.####......
............#......##.....#......
..........###.####.##........#.##
.........># #.#....##........#.##
..........#####.@.###............
###.###.....###...#..........#.#.
#.###...#..######..............
#..##..###.######.........###..
##.......................## #..
#.........##.............# #..
#............##..........###..
#.........#####...............
#.........###............#####


There were no monsters in sight!

Vanquished Creatures
  A pandemonium lord (D:11)
  3 dread liches
  3 ancient liches (Zot:5)
  7 orbs of fire (Zot:5)
  Mennas (Vaults:5)
  3 Killer Klowns (Zot:5)
  Frederick (Vaults:5)
  11 golden dragons
  Jory (Vaults:5)
  Nikola (Shoals:1)
  2 Tzitzimimeh
  A hellephant (Depths:4)
  2 electric golems (Zot:5)
  An Ice Fiend (D:14)
  A Hell Sentinel (D:8)
  26 Orb Guardians
  13 tentacled monstrosities
  3 deep elf blademasters
  7 titans
  5 death cobs
  4 quicksilver dragons
  A deep elf master archer (Elf:3)
  An Executioner (Depths:3)
  2 krakens (Shoals:1)
  3 tentacled starspawn (Abyss:3)
  6 sphinxes
  8 storm dragons
  Donald (Elf:1)
  4 draconian monks
  9 shadow dragons
  6 tengu reavers
  2 nagarajas
  10 fire giants
  2 draconian knights
  9 deep elf sorcerers (Elf:3)
  Aizul (Depths:1)
  5 frost giants
  15 vault wardens
  5 draconian scorchers
  A ghost moth (shapeshifter) (Depths:3)
  2 iron dragons (Vaults:5)
  A caustic shrike zombie (Abyss:3)
  3 ghost moths (Zot:3)
  4 draconian shifters
  3 draconian stormcallers
  2 orc warlords
  11 deep elf elementalists
  22 ironbound preservers
  2 war gargoyles (Vaults:5)
  A cacodemon (Depths:4)
  47 very ugly things
  4 draconian annihilators
  A reaper (Depths:4)
  4 ironbound thunderhulks
  7 green draconians
  6 vampire knights
  An ophan (Abyss:3)
  18 stone giants
  6 deep elf demonologists
  Nessos (Lair:3)
  7 white draconians
  A lorocyproca (Abyss:3)
  9 deep elf annihilators
  7 yellow draconians
  6 red draconians
  9 black draconians
  9 dire elephants
  6 purple draconians
  10 ettins
  7 merfolk javelineers
  11 fire dragons
  9 deep elf death magi
  A green death (Depths:3)
  3 crystal guardians
  Josephine (Lair:5)
  5 deep elf high priests
  10 yaktaur captains
  15 merfolk impalers
  2 entropy weavers
  2 great orbs of eyes (shapeshifter) (Abyss:3)
  7 hydras
  2 rakshasas
  27 vault guards
  2 great orbs of eyes
  Fannar (Lair:3)
  2 peacekeepers (Vaults:4)
  3 spriggan air magi
  4 salamander tyrants
  2 catoblepae
  A hell beast (Depths:4)
  14 centaur warriors
  3 death knights
  7 ice dragons
  15 ironbound frosthearts
  3 merfolk avatars
  13 anacondas
  10 two-headed ogres
  2 boulder beetles
  7 deep troll shamans
  36 dancing weapons
  2 alligator snapping turtles
  2 satyrs
  7 ogre magi
  6 merfolk aquamancers
  11 death yaks
  6 deep troll earth magi
  17 naga warriors
  5 orc high priests (Orc:2)
  7 thrashing horrors (Abyss:3)
  5 spriggan berserkers
  A titan zombie (Depths:1)
  4 hell knights (Depths:3)
  6 tengu warriors
  4 vampire magi
  8 shock serpents
  11 naga sharpshooters
  A storm dragon zombie (Depths:1)
  2 sun demons
  5 skysharks
  A soul eater (Depths:4)
  16 deep elf knights
  6 iron trolls
  9 sea snakes
  2 fire crabs (Lair:4)
  2 sixfirhies
  7 salamander mystics
  A skeletal warrior (D:13)
  8 shadow wraiths (Depths:3)
  A wretched star (Abyss:3)
  A spriggan druid (Elf:2)
  5 glowing orange brains
  A swamp dragon (Zot:1)
  60 deep trolls
  7 naga ritualists
  2 obsidian statues
  4 shadow demons
  A spriggan simulacrum (Depths:1)
  13 mana vipers
  A harpy (Shoals:3)
  8 phantasmal warriors
  7 wizards
  21 ironbound convokers
  24 deep elf pyromancers
  5 necromancers
  21 orc knights
  10 lindwurms
  9 deep elf archers
  29 deep elf zephyrmancers
  A tengu skeleton (Depths:1)
  49 ugly things
  2 fire giant zombies
  13 manticores
  8 fauns
  A frost giant zombie (Vaults:1)
  9 cyclopes
  29 salamanders
  28 moths of wrath
  4 human skeletons
  A worldbinder (Abyss:3)
  3 orc sorcerers
  5 smoke demons
  An apocalypse crab (Abyss:3)
  6 merfolk sirens
  42 black mambas
  15 naga magi
  14 water nymphs
  32 elephants
  A molten gargoyle (Depths:3)
  A black mamba (shapeshifter) (Vaults:5)
  8 guardian serpents (Snake:4)
  2 gargoyles
  A demonic crawler (Abyss:3)
  2 guardian serpents (shapeshifter) (Abyss:3)
  A rust devil (Depths:4)
  14 vault sentinels
  A kobold demonologist (D:10)
  A torpor snail (shapeshifter) (D:14)
  11 unseen horrors
  2 hellions
  11 cane toads
  A human zombie (Vaults:3)
  An orange demon (Depths:4)
  7 freezing wraiths
  4 rime drakes
  A yaktaur (shapeshifter) (D:15)
  36 yaktaurs
  2 tormentors (Depths:4)
  2 efreet
  6 tengu conjurers
  10 komodo dragons
  2 ice devils
  A red devil (Depths:4)
  3 ancient zymes (Abyss:3)
  22 merfolk
  6 trolls
  11 polar bears
  2 hellwings (Depths:4)
  6 meliai (D:15)
  3 hornets
  9 wind drakes
  A wind drake (shapeshifter) (Abyss:3)
  A wolf spider simulacrum (D:15)
  A spriggan zombie (Depths:1)
  A tarantella (shapeshifter) (D:14)
  21 blink frogs
  A dream sheep (shapeshifter) (Depths:3)
  A raiju (Abyss:3)
  13 snapping turtles
  10 dream sheep
  A slime creature (shapeshifter) (Vaults:5)
  A centaur simulacrum (D:15)
  A culicivora (Vaults:1)
  2 spriggans
  3 shadows
  2 vampires
  17 slime creatures
  2 air elementals (Shoals:4)
  A spriggan (shapeshifter) (Vaults:5)
  2 wyverns (Lair:5)
  7 wraiths
  42 yaks
  5 ynoxinuls
  A basilisk (shapeshifter) (D:14)
  48 water elementals
  4 large abominations (Abyss:3)
  4 basilisks
  A chaos spawn (Abyss:3)
  An elf skeleton (Vaults:3)
  5 fire elementals
  A steam dragon (D:8)
  8 redbacks (Elf:3)
  3 vampire mosquitoes (D:13)
  A warg (Orc:1)
  40 nagas
  2 acid dragons (D:11)
  19 water moccasins
  A floating eye (shapeshifter) (Depths:4)
  A hell hound (Lair:4)
  An ice beast (D:7)
  A glowing shapeshifter skeleton (Vaults:3)
  A floating eye (Depths:3)
  42 orc warriors
  2 sky beasts (D:8)
  3 small abominations (Abyss:3)
  3 black bears
  13 ogres
  23 wolves
  3 boggarts (Vaults:4)
  25 centaurs
  A phantom (D:6)
  3 kobold brigands
  14 bullfrogs
  2 gnoll sergeants
  3 scorpions
  3 earth elementals
  A wight (D:8)
  15 killer bees
  14 electric eels
  6 howler monkeys
  2 lava snakes (Lair:2)
  5 hounds
  A quasit (Abyss:3)
  41 orc priests
  A gnoll bouda (D:7)
  4 starcursed masses (Abyss:3)
  A jelly (D:6)
  26 orc wizards
  An iguana (D:4)
  2 sleepcaps (D:5)
  7 hell rats
  A boggart simulacrum (D:13)
  18 gnolls
  6 river rats (Sewer)
  15 adders
  3 shadow imps
  A white imp (D:6)
  2 ufetubi
  6 worms
  111 orcs
  27 ball pythons
  9 bats
  An endoplasm (shapeshifter) (Vaults:5)
  9 endoplasms
  4 giant cockroaches
  7 hobgoblins
  8 jackals (D:1)
  17 kobolds
  6 quokkas
  9 frilled lizards
  8 goblins
  9 rats
  A lurking horror (Abyss:3)
  A spectral weapon (Elf:3)
  3 starspawn tentacles (Abyss:3)
  5 tentacles (Shoals:1)
2304 creatures vanquished.

Vanquished Creatures (collateral kills)
  Ilsuiw (Shoals:2)
  The ghost of Glennnyy the Warrior, an adept GrFi of Fedhas (Shoals:3)
  2 merfolk javelineers (Shoals:4)
  A satyr (Shoals:4)
  A faun (Shoals:4)
  2 merfolk sirens (Shoals:2)
  A merfolk (Shoals:3)
  A wind drake (Shoals:3)
10 creatures vanquished.

Vanquished Creatures (others)
  A merfolk aquamancer (Shoals:2)
  A wizard (Vaults:2)
  A deep elf pyromancer (Elf:2)
  A deep elf zephyrmancer (Elf:2)
  An unseen horror (D:13)
  An orc warrior (Vaults:5)
  A gnoll (D:8)
  A goblin (Depths:4)
  A lurking horror (Abyss:3)
  22 spectral weapons
  8 starspawn tentacles (Abyss:3)
  6 tentacles (Shoals:1)
45 creatures vanquished.

Grand Total: 2359 creatures vanquished

Notes
Turn   | Place    | Note
-------+----------+-------------------------------------------
     0 | D:1      | kuniqs the Minotaur Berserker began the quest for the Orb.
     0 | D:1      | Reached XP level 1. HP: 19/19 MP: 0/0
   154 | D:1      | Reached skill level 1 in Axes
   178 | D:1      | Reached XP level 2. HP: 24/27 MP: 1/1
   351 | D:1      | Reached ** piety under Trog
   352 | D:1      | Reached skill level 4 in Fighting
   353 | D:1      | Reached XP level 3. HP: 33/33 MP: 2/2
   923 | D:2      | Found a blossoming altar of Fedhas.
  1106 | D:2      | You fall into a shaft and drop 1 floor!
  1131 | D:3      | Found a broken altar of Ashenzari.
  1135 | D:3      | Identified the +1 pair of boots of the Lost Riding Scars
                  | {-Cast rElec rN+ rCorr}
  1141 | D:3      | Reached XP level 4. HP: 39/40 MP: 3/3
  1446 | D:3      | Found a glowing drain.
  1485 | Sewer    | Entered a sewer
  1541 | Sewer    | Reached *** piety under Trog
  1673 | Sewer    | Reached XP level 5. HP: 45/47 MP: 4/4
  2358 | D:4      | Found a basalt altar of Yredelemnul.
  2487 | D:4      | Found a hide-covered altar of Uskayaw.
  2639 | D:4      | Noticed an ogre
  2649 | D:4      | Killed an ogre
  2650 | D:4      | Reached skill level 5 in Fighting
  2650 | D:4      | Reached XP level 6. HP: 56/56 MP: 5/5
  2729 | D:4      | Found a sparkling altar of Nemelex Xobeh.
  2794 | D:4      | Found Meel's One-of-a-Kind Rings.
  2862 | D:4      | Reached skill level 5 in Axes
  2898 | D:4      | Identified the +5 glaive of Nysoes {flame, Int+3}
  3038 | D:4      | Found Iroloapt's Armour Boutique.
  3066 | D:4      | Found a snail-covered altar of Cheibriados.
  3154 | D:4      | Found a runed translucent door.
  3154 | D:4      | Noticed P0WERM0DE's ghost (amateur MeEE)
  3339 | D:5      | Entered Level 5 of the Dungeon
  3380 | D:5      | Reached **** piety under Trog
  3525 | D:5      | Reached skill level 1 in Throwing
  3563 | D:5      | Reached XP level 7. HP: 61/61 MP: 6/6
  4109 | D:6      | Reached skill level 1 in Evocations
  4129 | D:6      | Reached skill level 5 in Armour
  4244 | D:6      | Reached XP level 8. HP: 64/70 MP: 7/7
  4259 | D:6      | Reached skill level 6 in Fighting
  4481 | D:6      | Found an opulent altar of Gozag.
  4553 | D:6      | Found a staircase to the Ecumenical Temple.
  4563 | Temple   | Entered the Ecumenical Temple
  4679 | D:6      | Reached skill level 5 in Dodging
  4986 | D:7      | Reached XP level 9. HP: 70/78 MP: 8/8
  5072 | D:7      | Reached skill level 7 in Fighting
  5412 | D:8      | Reached ***** piety under Trog
  5845 | D:7      | Reached skill level 8 in Fighting
  5943 | D:8      | Reached skill level 10 in Axes
  5990 | D:8      | Reached XP level 10. HP: 54/88 MP: 9/9
  6134 | D:8      | Found an iron altar of Okawaru.
  6352 | D:8      | Found a hazy altar of Hepliaklqana.
  6498 | D:9      | Noticed a two-headed ogre
  6513 | D:9      | Killed a two-headed ogre
  6769 | D:9      | Found a bloodstained altar of Trog.
  6866 | D:9      | Reached skill level 1 in Shields
  7361 | D:9      | Found a blossoming altar of Fedhas.
  7544 | D:4      | Bought the ring "Kixarph" {EV+5 Str+4} for 565 gold pieces
  7633 | D:10     | Entered Level 10 of the Dungeon
  7652 | D:10     | Found a portal to a secret trove of treasure.
  7686 | D:10     | Reached skill level 5 in Evocations
  7843 | D:10     | Noticed a death yak
  7843 | D:10     | Noticed a two-headed ogre
  7870 | D:10     | Killed a death yak
  7876 | D:10     | Killed a two-headed ogre
  7947 | D:10     | Noticed a death yak
  7948 | D:10     | Noticed a death yak
  7971 | D:10     | Killed a death yak
  7972 | D:10     | Reached skill level 9 in Fighting
  7972 | D:10     | Reached XP level 11. HP: 97/97 MP: 10/10
  7982 | D:10     | Killed a death yak
  8103 | D:10     | Found a staircase to the Lair.
  8164 | D:10     | Identified the +3 ring mail of Valoisekk {Str-3 Int+3
                  | Dex+3}
  8204 | D:10     | Reached skill level 5 in Shields
  8640 | D:10     | Received a gift from Trog
 10903 | D:12     | Noticed a two-headed ogre
 10914 | D:12     | Killed a two-headed ogre
 11047 | D:12     | Reached XP level 12. HP: 93/106 MP: 11/11
 11198 | D:12     | Reached skill level 10 in Fighting
 11260 | D:12     | Found a staircase to the Orcish Mines.
 11483 | D:13     | Noticed a brown very ugly thing
 11494 | D:13     | Killed a brown very ugly thing
 11546 | D:13     | Noticed a tengu warrior
 11567 | D:13     | Killed a tengu warrior
 11680 | D:13     | Noticed a centaur warrior
 11693 | D:13     | Killed a centaur warrior
 11856 | D:13     | Noticed a fire dragon
 11861 | D:13     | Noticed a centaur warrior
 11958 | D:13     | Identified the +10 short sword of Kismet {protect, rPois
                  | Str+3}
 11981 | D:13     | Reached skill level 10 in Armour
 12214 | D:13     | Noticed a centaur warrior
 12226 | D:13     | Killed a centaur warrior
 12299 | D:13     | Noticed a centaur warrior
 12321 | D:13     | Killed a centaur warrior
 12561 | D:13     | Identified the +7 war axe of Asmes {flame, rF+ Str+3} (Trog
                  | gifted it to you on level 13 of the Dungeon)
 12561 | D:13     | Received a gift from Trog
 12723 | D:13     | Killed a fire dragon
 12970 | D:13     | Noticed a death knight
 12988 | D:13     | Killed a centaur warrior
 12989 | D:13     | Reached skill level 10 in Shields
 12989 | D:13     | Reached XP level 13. HP: 101/115 MP: 12/12
 13279 | D:13     | Reached skill level 11 in Fighting
 13297 | D:13     | Identified the ring of Equilibrium {rF+ rN+ SInv}
 13498 | D:13     | Identified the +0 plate armour of the Three of Cups {Int+3
                  | Dex+4 Stlth-}
 13967 | D:14     | Reached skill level 10 in Dodging
 14094 | D:14     | Reached skill level 15 in Axes
 14217 | D:14     | Noticed a fire dragon
 14227 | D:14     | Killed a fire dragon
 14321 | D:14     | Found a gate to the Vaults.
 14575 | D:15     | Entered Level 15 of the Dungeon
 14820 | D:15     | Found a staircase to the Depths.
 14820 | D:15     | Noticed a stone giant
 14860 | D:15     | Killed a stone giant
 15264 | D:15     | Reached XP level 14. HP: 125/125 MP: 13/13
 15368 | D:15     | Found an ancient bone altar of Kikubaaqudgha.
 15579 | Orc:1    | Entered Level 1 of the Orcish Mines
 15585 | Orc:1    | Received a gift from Trog
 15721 | Orc:1    | Found Oxtaj's Antique Weapon Shoppe.
 15815 | Orc:1    | Found Zirchapp's Book Shoppe.
 15939 | Orc:1    | Found a bloodstained altar of Trog.
 16049 | Orc:2    | Entered Level 2 of the Orcish Mines
 16067 | Orc:2    | Found a staircase to the Elven Halls.
 16091 | Orc:1    | Found Fyck's Assorted Antiques.
 16096 | Orc:1    | Bought a scroll of teleportation for 75 gold pieces
 16219 | Orc:1    | Found Qetibb's General Store.
 16227 | Orc:1    | Bought a scroll of blinking for 97 gold pieces
 16227 | Orc:1    | Bought a potion of curing for 39 gold pieces
 16227 | Orc:1    | Bought a wand of roots (2) for 62 gold pieces
 16227 | Orc:1    | Bought a wand of roots (5) for 156 gold pieces
 16437 | Orc:2    | Found a runed translucent gate.
 16437 | Orc:2    | Found a runed translucent gate.
 16437 | Orc:2    | Noticed Foic's ghost (journeyman DESu)
 16438 | Orc:2    | Found a runed translucent gate.
 16754 | Orc:2    | Reached ****** piety under Trog
 16770 | Orc:2    | Reached skill level 12 in Fighting
 16772 | Orc:2    | Found Vuwefoo's Jewellery Shoppe.
 16774 | Orc:2    | Found Heughaet's Jewellery Shoppe.
 16774 | Orc:2    | Found Zojypop's Magic Scroll Shoppe.
 16775 | Orc:2    | Found Veuskirgh's Distillery.
 16934 | Orc:2    | Received a gift from Trog
 17609 | Orc:2    | Bought a potion of brilliance for 72 gold pieces
 17612 | Orc:2    | Bought the ring of Harmony {rPois Str+4} for 495 gold
                  | pieces
 17622 | Orc:2    | Bought a scroll of brand weapon for 104 gold pieces
 17990 | Lair:1   | Entered Level 1 of the Lair of Beasts
 18787 | Lair:2   | Received a gift from Trog
 18838 | Lair:2   | Found a staircase to the Snake Pit.
 18927 | Lair:2   | Found a staircase to the Shoals.
 19594 | Lair:3   | Reached XP level 15. HP: 104/134 MP: 14/14
 19596 | Lair:3   | Noticed Fannar
 19757 | Lair:3   | Noticed Nessos
 19763 | Lair:3   | Killed Nessos
 19941 | Lair:3   | Identified the +5 war axe "Fyurgheubb" {heavy, Str+2 SInv}
                  | (Trog gifted it to you on level 3 of the Lair of Beasts)
 19941 | Lair:3   | Received a gift from Trog
 19959 | Lair:3   | Identified the +4 whip of Woe {antimagic, Str+4}
 20011 | Lair:3   | Reached skill level 13 in Fighting
 20178 | Lair:3   | Killed Fannar
 20446 | Lair:4   | Found a transporter.
 20504 | Lair:4   | Found a transporter.
 20616 | Lair:4   | Found a staircase to the Slime Pits.
 21165 | Lair:5   | Entered Level 5 of the Lair of Beasts
 21203 | Lair:5   | Received a gift from Trog
 21210 | Lair:5   | Noticed Josephine
 21227 | Lair:5   | Killed Josephine
 21741 | Lair:5   | Reached skill level 10 in Evocations
 21756 | Lair:5   | Identified an amulet of Etrodek {Reflect rPois Str+4 Int-4
                  | SH+5 SInv}
 21925 | Lair:5   | Received a gift from Trog
 21926 | Lair:5   | Reached XP level 16. HP: 145/145 MP: 15/15
 22108 | Snake:1  | Entered Level 1 of the Snake Pit
 22134 | Snake:1  | Reached skill level 14 in Fighting
 22373 | Snake:1  | Found Tixt's Antique Weapon Emporium.
 23073 | Snake:2  | Found a glowing golden altar of the Shining One.
 23176 | Snake:2  | Found Naet's Antique Armour Emporium.
 23176 | Snake:2  | Found Bomeezel's General Store.
 23181 | Snake:2  | Found Ycwun's Distillery.
 23213 | Snake:2  | Found Loschupt's Armour Emporium.
 23818 | Snake:3  | Reached skill level 15 in Shields
 24214 | Snake:3  | Identified the ring of Talal {rElec rF+ Int-5 SInv Stlth+}
 24269 | Snake:3  | Identified the +5 trident "Nab Beis" {flame, rN+} (Trog
                  | gifted it to you on level 3 of the Snake Pit)
 24269 | Snake:3  | Received a gift from Trog
 24916 | Snake:3  | Reached skill level 15 in Fighting
 25073 | Snake:4  | Entered Level 4 of the Snake Pit
 25270 | Snake:4  | Reached XP level 17. HP: 156/156 MP: 16/16
 25278 | Snake:4  | Reached skill level 15 in Armour
 25455 | Snake:4  | Received a gift from Trog
 26450 | Snake:4  | Received a gift from Trog
 26817 | Snake:4  | Reached skill level 16 in Fighting
 26838 | Snake:4  | Got a serpentine rune of Zot
 27180 | Shoals:1 | Entered Level 1 of the Shoals
 27320 | Shoals:1 | Noticed a kraken
 27333 | Shoals:1 | Killed a kraken
 27665 | Shoals:1 | Received a gift from Trog
 28013 | Shoals:1 | Noticed Nikola
 28086 | Shoals:1 | Killed Nikola
 28249 | Shoals:1 | Noticed a kraken
 28260 | Shoals:1 | Killed a kraken
 28394 | Shoals:2 | Reached XP level 18. HP: 167/167 MP: 17/17
 28826 | Shoals:2 | Reached skill level 15 in Dodging
 29347 | Shoals:2 | Noticed Ilsuiw
 29360 | Shoals:2 | Killed Ilsuiw
 29717 | Shoals:2 | Received a gift from Trog
 30109 | Shoals:3 | Identified a scroll of acquirement
 30115 | Shoals:3 | Found a runed translucent gate.
 30115 | Shoals:3 | Found a runed translucent gate.
 30115 | Shoals:3 | Found a runed translucent gate.
 30117 | Shoals:3 | Found an opulent altar of Gozag.
 30120 | Shoals:3 | Acquired 622 gold pieces
 30124 | Shoals:3 | Noticed Glennnyy's ghost (adept GrFi)
 30125 | Shoals:3 | Found Feunn's Assorted Antiques.
 30131 | Shoals:3 | Found Yceratol's Book Emporium.
 30182 | Shoals:3 | Found Evvemow's Antique Armour Shoppe.
 30190 | Shoals:3 | Bought a distressingly furry plate armour for 1148 gold
                  | pieces
 30190 | Shoals:3 | Identified the +7 plate armour of Lifelessness {rCorr Int+8
                  | Dex-3 Slay+5} (You bought it in a shop on level 3 of the
                  | Shoals)
 30392 | Shoals:3 | Identified the +3 leather armour "Kenkilo" {-Cast Rampage
                  | Dex+2 Stlth+}
 30497 | Shoals:3 | Found Soenian's Magic Scroll Shoppe.
 30500 | Shoals:3 | Bought a scroll of teleportation for 63 gold pieces
 30500 | Shoals:3 | Bought a scroll of teleportation for 63 gold pieces
 30764 | Shoals:3 | Killed Glennnyy's ghost
 30987 | Shoals:3 | Bought a potion of haste for 330 gold pieces
 31036 | Shoals:4 | Entered Level 4 of the Shoals
 31209 | Shoals:4 | Reached skill level 17 in Fighting
 31634 | Shoals:4 | Received a gift from Trog
 31704 | Shoals:4 | Paralysed by an air elemental for 1 turns
 32645 | Shoals:4 | Received a gift from Trog
 32739 | Shoals:4 | Paralysed by a merfolk siren for 2 turns
 33248 | Shoals:4 | Got a barnacled rune of Zot
 33577 | Snake:2  | Bought a potion of mutation for 120 gold pieces
 33577 | Snake:2  | Bought a potion of curing for 45 gold pieces
 33577 | Snake:2  | Bought a potion of curing for 45 gold pieces
 33577 | Snake:2  | Bought a potion of curing for 45 gold pieces
 33577 | Snake:2  | Bought a potion of heal wounds for 75 gold pieces
 33580 | Snake:2  | Bought a potion of haste for 210 gold pieces
 33580 | Snake:2  | Bought a scroll of silence for 199 gold pieces
 33906 | Elf:1    | Entered Level 1 of the Elven Halls
 33924 | Elf:1    | Reached skill level 18 in Fighting
 33992 | Elf:1    | Reached XP level 19. HP: 171/179 MP: 18/18
 34042 | Elf:1    | Noticed Donald
 34056 | Elf:1    | Killed Donald
 34169 | Elf:1    | Received a gift from Trog
 34611 | Elf:2    | Found Gukunwok's Book Shoppe.
 35267 | Elf:2    | Received a gift from Trog
 35406 | Elf:2    | Found a runed translucent gate.
 35407 | Elf:2    | Found a runed translucent gate.
 35407 | Elf:2    | Found a runed translucent gate.
 35460 | Elf:2    | Acquired the +0 hat of the Accordion {-Tele Dex+3 Slay+4}
 35587 | Elf:2    | Reached skill level 19 in Fighting
 36273 | Elf:3    | Entered Level 3 of the Elven Halls
 36352 | Elf:3    | Received a gift from Trog
 36390 | Elf:3    | Found Louczecw's Distillery.
 36392 | Elf:3    | Found Mofapol's Jewellery Shop.
 36398 | Elf:3    | Found Resusets's Antique Weapon Boutique.
 36418 | Elf:3    | Bought a potion of heal wounds for 90 gold pieces
 36418 | Elf:3    | Bought a potion of heal wounds for 90 gold pieces
 36418 | Elf:3    | Bought a potion of heal wounds for 90 gold pieces
 36418 | Elf:3    | Bought a potion of heal wounds for 90 gold pieces
 36418 | Elf:3    | Bought a potion of curing for 54 gold pieces
 36418 | Elf:3    | Bought a potion of curing for 54 gold pieces
 36418 | Elf:3    | Bought 2 potions of curing for 108 gold pieces
 36928 | D:2      | Identified the amulet of Offe {Faith Int+3 Dex-5}
 37023 | D:2      | Found a faded altar of an unknown god.
 38153 | Elf:3    | Reached skill level 20 in Fighting
 38158 | Elf:3    | Reached XP level 20. HP: 161/193 MP: 19/19
 38184 | Elf:3    | Received a gift from Trog
 38204 | Abyss:3  | Cast into level 3 of the Abyss (a deep elf sorcerer)
 38583 | Abyss:3  | Noticed a dread lich
 38589 | Abyss:3  | Killed a dread lich
 38601 | Abyss:3  | Received a gift from Trog
 38631 | Abyss:3  | Reached skill level 21 in Fighting
 38636 | Abyss:3  | Got an abyssal rune of Zot
 38664 | Elf:3    | Escaped the Abyss
 38868 | Elf:3    | Identified the ring of Qazlal's Benevolence {MP+9 Int+3}
 38868 | Elf:3    | Found the +8 longbow "Zephyr" {speed, Dex+3 SInv}
 38908 | Elf:3    | Identified the +4 dagger of the Six Portals {drain, *Noise
                  | rC+ Int+3 Dex+6}
 38911 | Elf:3    | Identified the +0 plate armour of Keel {rF+ rC+ rCorr}
 38914 | Elf:3    | Identified the ring "Uwoinlar" {rElec rC+ rN+}
 38931 | Elf:3    | Identified the +4 dagger "Xudweul" {freeze, rF+ rN+++ Will-
                  | Int-5}
 38995 | Elf:3    | Identified the ring "Xim Noetu" {rPois rN++ Dex-2 SInv
                  | Stlth-}
 39021 | Elf:3    | Identified the +7 plate armour of Valour {rF+}
 39041 | Elf:3    | Identified the staff of air "Giysatul" {rElec rCorr Dex+3}
 39054 | Elf:3    | Identified the staff of poison "Wunogoh" {rPois rN+}
 39430 | Vaults:1 | Entered Level 1 of the Vaults
 39695 | Vaults:1 | Received a gift from Trog
 40558 | Elf:3    | Bought the amulet "Kuvvea" {Spirit Drain rC+ Regen+ Int+3}
                  | for 849 gold pieces
 41287 | Vaults:2 | Received a gift from Trog
 41291 | Vaults:2 | Reached XP level 21. HP: 183/206 MP: 6/20
 41479 | Vaults:2 | Found the +8 lance "Wyrmbane" {slay drac, rPois rF+ rC+
                  | AC+3}
 41641 | Vaults:2 | Reached skill level 22 in Fighting
 41979 | Abyss:3  | Cast into level 3 of the Abyss (a wizard)
 41991 | Abyss:3  | Found a corrupted altar of Lugonu.
 41994 | Vaults:2 | Escaped the Abyss
 42243 | Vaults:3 | Received a gift from Trog
 42799 | Vaults:3 | Found a staircase to the Crypt.
 42799 | Vaults:3 | Found a basalt altar of Yredelemnul.
 42811 | Vaults:3 | Found an ancient bone altar of Kikubaaqudgha.
 43146 | Vaults:3 | Received a gift from Trog
 43467 | Vaults:3 | Identified the +5 mace of Earthquakes {heavy, Drain rF+++
                  | rCorr Int-5}
 43709 | Vaults:4 | Reached skill level 23 in Fighting
 43789 | Vaults:4 | Received a gift from Trog
 44212 | Vaults:4 | Reached XP level 22. HP: 220/220 MP: 21/21
 44872 | Vaults:5 | Entered Level 5 of the Vaults
 44872 | Vaults:5 | Noticed a golden dragon
 44896 | Vaults:5 | Killed a golden dragon
 45097 | Vaults:5 | Received a gift from Trog
 45132 | Vaults:5 | Identified the +4 ring mail of Cowardice {rF++ Str+5 Dex-4}
 45491 | Vaults:5 | Reached skill level 24 in Fighting
 45496 | Vaults:5 | Identified the +6 war axe of Shame {heavy, *Slow rPois
                  | rCorr Stlth+} (Trog gifted it to you on level 5 of the
                  | Vaults)
 45496 | Vaults:5 | Received a gift from Trog
 45624 | Vaults:5 | Identified the +3 sling of the Final Leylines {antimagic,
                  | Dex+4}
 45629 | Vaults:5 | Noticed Frederick
 45638 | Vaults:5 | Identified the +9 sling "Got Zeqe" {flame, rC++}
 45639 | Vaults:5 | Noticed Mennas
 45640 | Vaults:5 | Noticed Jory
 45642 | Vaults:5 | Killed Frederick
 45745 | Vaults:5 | Received a gift from Trog
 45754 | Vaults:5 | Got a silver rune of Zot
 45891 | Vaults:5 | Found Qopugel's Distillery.
 45902 | Vaults:5 | Bought a potion of heal wounds for 65 gold pieces
 45943 | Vaults:5 | Identified the staff of death "Resesk" {rF+ rN+ rCorr}
 46006 | Vaults:5 | Killed Mennas
 46033 | Vaults:5 | Noticed a dread lich
 46048 | Vaults:5 | Killed a dread lich
 46049 | Vaults:5 | Reached XP level 23. HP: 232/232 MP: 20/22
 46217 | Vaults:5 | Killed Jory
 47051 | D:10     | You paid a toll of 10 potions of heal wounds to enter a
                  | treasure trove
 47052 | Trove    | Entered a treasure trove
 47068 | Trove    | Identified the +11 war axe of the Spinneret {heavy, rElec
                  | Int+3}
 47073 | Trove    | Found the +8 Wrath of Trog {antimagic, *Rage Rampage}
 47086 | Trove    | Identified the +1 war axe of the Extremes {speed, rC- Str+3
                  | Int+5}
 47463 | Depths:1 | Entered Level 1 of the Depths
 47599 | Depths:1 | Noticed Aizul
 47609 | Depths:1 | Killed Aizul
 47614 | Depths:1 | Reached skill level 25 in Fighting
 47695 | Depths:1 | Received a gift from Trog
 47699 | Depths:1 | Found a one-way gateway to a ziggurat.
 47712 | Depths:1 | Found a runed translucent door.
 47807 | Depths:1 | Identified the +5 flail "kuniqs's Bane" {speed, Drain rC+
                  | Str+2 SInv}
 47871 | Depths:1 | Found a transporter.
 47953 | Depths:1 | Found a transporter.
 48001 | Depths:1 | Found a gateway to Hell.
 48322 | Depths:1 | Identified the ring of Cyumydi {rF++ rC+ Slay+5 Stlth-}
 48338 | Depths:1 | Identified the amulet "Tulocs" {Spirit *Corrode rElec rN++}
 48498 | Depths:2 | Found a one-way gate leading to the halls of Pandemonium.
 49213 | Depths:2 | Paralysed by a vampire knight for 5 turns
 49336 | Depths:2 | Found a white marble altar of Elyvilon.
 49340 | Depths:2 | Received a gift from Trog
 50080 | Depths:3 | Paralysed by a vampire knight for 3 turns
 50164 | Depths:3 | Found a shadowy altar of Dithmenos.
 50164 | Depths:3 | Found the +5 Storm Queen's Shield {shock, Fly rElec}
 50164 | Depths:3 | Found the ring of Shadows {Umbra +Inv Stlth+}
 50201 | Depths:3 | Identified the +8 shadow dragon scales "Fiti" {+Blink SInv
                  | Stlth++++}
 50277 | Depths:3 | Reached skill level 26 in Fighting
 50526 | Depths:3 | Found a one-way gate to the infinite horrors of the Abyss.
 50540 | Depths:3 | Reached XP level 24. HP: 223/245 MP: 18/22
 50650 | Depths:3 | Received a gift from Trog
 50803 | Depths:4 | Entered Level 4 of the Depths
 51220 | Depths:4 | Received a gift from Trog
 51386 | Depths:4 | Found a sacrificial altar of Ru.
 51554 | Depths:4 | Found a gate to the Realm of Zot.
 51835 | Zot:1    | Entered Level 1 of the Realm of Zot
 52138 | Vaults:5 | Bought a potion of curing for 39 gold pieces
 52138 | Vaults:5 | Bought a potion of cancellation for 104 gold pieces
 52138 | Vaults:5 | Bought a potion of curing for 39 gold pieces
 52138 | Vaults:5 | Bought a potion of ambrosia for 104 gold pieces
 52138 | Vaults:5 | Bought a potion of resistance for 130 gold pieces
 52138 | Vaults:5 | Bought a potion of attraction for 39 gold pieces
 52481 | Orc:2    | Bought a potion of invisibility for 144 gold pieces
 52481 | Orc:2    | Bought a potion of curing for 54 gold pieces
 52481 | Orc:2    | Bought a potion of haste for 180 gold pieces
 52481 | Orc:2    | Bought a potion of mutation for 144 gold pieces
 52482 | Orc:2    | Bought a scroll of enchant armour for 82 gold pieces
 52879 | Zot:1    | Found a shimmering altar of Xom.
 53380 | Zot:1    | Reached skill level 27 in Fighting
 53456 | Zot:1    | Identified the staff of conjuration "Biesuwn" {rElec rF+
                  | rC+}
 53539 | Zot:1    | Found a shimmering altar of Xom.
 54097 | Zot:2    | Found a transporter.
 54099 | Zot:2    | Received a gift from Trog
 54289 | Zot:2    | Found a transporter.
 54369 | Zot:2    | Found a transporter.
 55278 | Zot:4    | Reached XP level 25. HP: 253/257 MP: 22/22
 55521 | Zot:4    | Received a gift from Trog
 56066 | Zot:5    | Entered Level 5 of the Realm of Zot
 56335 | Zot:5    | Noticed a dread lich
 56335 | Zot:5    | Paralysed by a dread lich for 4 turns
 56347 | Zot:5    | Noticed an ancient lich
 56369 | Zot:5    | Killed a dread lich
 56379 | Zot:5    | Killed an ancient lich
 56383 | Zot:5    | Noticed an orb of fire
 56390 | Zot:5    | Killed an orb of fire
 56390 | Zot:5    | Noticed an orb of fire
 56396 | Zot:5    | Killed an orb of fire
 56399 | Zot:5    | Noticed an orb of fire
 56406 | Zot:5    | Killed an orb of fire
 56413 | Zot:5    | Noticed an orb of fire
 56418 | Zot:5    | Gained mutation: You sometimes lose your temper in combat.
                  | [an orb of fire]
 56422 | Zot:5    | Killed an orb of fire
 56424 | Zot:5    | Noticed an orb of fire
 56437 | Zot:5    | Killed an orb of fire
 56438 | Zot:5    | Noticed an orb of fire
 56440 | Zot:5    | Gained mutation: Armour fits poorly on your strangely
                  | shaped body. [an orb of fire]
 56446 | Zot:5    | Gained mutation: You are occasionally teleported next to
                  | monsters. [an orb of fire]
 56454 | Zot:5    | Killed an orb of fire
 56457 | Zot:5    | Noticed an ancient lich
 56461 | Zot:5    | Killed an ancient lich
 56462 | Zot:5    | Noticed an orb of fire
 56470 | Zot:5    | Killed an orb of fire
 56472 | Zot:5    | Noticed a Killer Klown
 56502 | Zot:5    | Killed a Killer Klown
 56508 | Zot:5    | Noticed a Killer Klown
 56515 | Zot:5    | Killed a Killer Klown
 56524 | Zot:5    | Noticed a Killer Klown
 56531 | Zot:5    | Killed a Killer Klown
 56627 | Zot:5    | Lost mutation: Armour fits poorly on your strangely shaped
                  | body. [potion of mutation]
 56627 | Zot:5    | Lost mutation: You sometimes lose your temper in combat.
                  | [potion of mutation]
 56627 | Zot:5    | Gained mutation: You do not regenerate when monsters are
                  | visible. [potion of mutation]
 56627 | Zot:5    | Gained mutation: You have sharp toenails. [potion of
                  | mutation]
 56628 | Zot:5    | Lost mutation: You have sharp toenails. [potion of
                  | mutation]
 56628 | Zot:5    | Lost mutation: You do not regenerate when monsters are
                  | visible. [potion of mutation]
 56628 | Zot:5    | Lost mutation: You are occasionally teleported next to
                  | monsters. [potion of mutation]
 56628 | Zot:5    | Gained mutation: You have a pair of large horns on your
                  | head. [potion of mutation]
 56628 | Zot:5    | Gained mutation: You passively map a small area around you.
                  | [potion of mutation]
 56628 | Zot:5    | Gained mutation: You sometimes lose your temper in combat.
                  | [potion of mutation]
 56628 | Zot:5    | Lost mutation: You sometimes lose your temper in combat.
                  | [potion of mutation]
 56635 | Zot:5    | Noticed an ancient lich
 56643 | Zot:5    | Killed an ancient lich
 56670 | Zot:5    | Lost mutation: You have a pair of large horns on your head.
                  | [potion of mutation]
 56670 | Zot:5    | Lost mutation: You passively map a small area around you.
                  | [potion of mutation]
 56670 | Zot:5    | Gained mutation: You are partially covered in iridescent
                  | scales. (AC +2) [potion of mutation]
 56934 | Zot:5    | Got the Orb of Zot
 57238 | Depths:3 | Reached XP level 26. HP: 255/266 MP: 6/22
 57269 | Depths:2 | Noticed a seraph
 57417 | D:11     | Noticed Budozxos the pandemonium lord
 57434 | D:11     | Killed Budozxos the pandemonium lord
 57694 | D:$      | Escaped with the Orb!

Illustrated notes

Levels and vault maps discovered:
D:1:      amcnicky_arrival_single_pillar, layout_rooms
D:2:      minmay_thinvault, layout_loops_corners,
          shapermc_ecumenical_altar_mp_highgroup, basic_altar,
          due_unseen_surprise
D:3:      layout_loops_ring, cheibrodos_ashenzari_chains,
          cheibrodos_sewer_entry_drain, corexii_leaking_fountain
D:4:      layout_basic, nemelex_dance_club_becter, cheibrodos_worm_habitat,
          mainiacjoe_overflow_large_starburst, gammafunk_ghost_grave,
          serial_shops, shop, nicolae_kite_square_tiling_tiny,
          nicolae_shop_unique_rings
D:5:      layout_loops_ring
D:6:      layout_rooms, nicolae_gozag_cash_rules_everything_around_me,
          minmay_temple_entry_proselytizer, minmay_pentangle
D:7:      layout_rooms, kennysheep_generic_room_10
D:8:      layout_cave_pools, kennysheep_little_box,
          mainiacjoe_overflow_concentric_impassable, serial_bayou_pond_b,
          centaur_isle
D:9:      nicolae_cairo_tiling_very_big, layout_stronghold,
          mainiacjoe_overflow_tiny_flanked, fedhas_altar_4,
          minmay_misc_feat_columns
D:10:     layout_roguey [special_room_orc], dpeg_lair_monsters,
          nicolae_trove_entry_crossroad
D:11:     layout_grid_maze, serial_glass, glass_columns_c, glass_columns_a
D:12:     layout_roguey, david_orc_4
D:13:     minmay_the_grid_triangle_9x9_line_8_mashed
          [minmay_the_grid_triangle_9x9_shrine,
          minmay_the_grid_triangle_9x9_warning,
          minmay_the_grid_triangle_9x9_steps,
          minmay_the_grid_triangle_9x9_zippers_horizontal,
          minmay_the_grid_triangle_9x9_stretched_checkered,
          minmay_the_grid_triangle_9x9_descending_squares,
          minmay_the_grid_triangle_9x9_cache,
          minmay_the_grid_triangle_9x9_prize_insulated], layout_grid_maze,
          serial_bayou, serial_bayou_lagoon_a, serial_bayou_ford_a,
          serial_bayou_lake_a, serial_bayou_lagoon_b, serial_bayou_crossing,
          chequers_serial_rivers_micro_d, minmay_protected_statue
D:14:     layout_basic, david_vaults_4
D:15:     grunt_enter_depths_giant_problem, layout_irregular_city,
          nicolae_kikubaaqudgha_miasma_corner, minmay_quadrilaterals
Temple:   hellmonk_temple_two_chambers
Lair:1:   layout_loops_ring, minivault_26
Lair:2:   layout_roguey, minmay_shoals_entry_centaurs,
          nicolae_snake_entry_warm_welcome, infiniplex_staircase_pool_2
Lair:3:   mu_elephants_graveyard, layout_misc_corridors, minmay_holes,
          cheibrodos_lair_lostbears, uniq_nessos, uniq_fannar
Lair:4:   gammafunk_cloud_chamber, layout_hall_layers,
          dpeg_slime_entry_enclosed, serial_rivers,
          chequers_serial_rivers_large_b, chequers_serial_rivers_room_b,
          chequers_serial_rivers_large_a, chequers_serial_rivers_room_a
Lair:5:   hangedman_lair_in_review, layout_big_grid, lemuel_fruit_tree,
          uniq_josephine
Shoals:1: layout_shoals, uniq_nikola
Shoals:2: cheibrodos_shoals_gigantism, layout_shoals,
          nicolae_shoals_water_shrine, uniq_ilsuiw
Shoals:3: layout_shoals, ebering_ghost_gozag, serial_shops,
          nicolae_shop_tiny_real_fake_doors, shop, nicolae_book_shop_shelving
Shoals:4: shoals_end_hellmonk_storm_palace [storm_palace_center_circular,
          storm_palace_corner_narrow, storm_palace_corner_pillars,
          storm_palace_corner_pillars, storm_palace_corner_narrow]
Snake:1:  layout_basic, serial_shops, nicolae_shop_hallway_plus, abandoned_shop,
          grunt_megastairs_2, serial_bayou_shore_b
Snake:2:  layout_rooms, basic_altar, grunt_ministairs_6,
          chequers_hall_statues_corner_a, minmay_shoptagon
Snake:3:  layout_misc_corridors, st_stairs_12, nicolae_snake_linked_coils
Snake:4:  snake_pit_salamanders_mu, layout_rooms
Orc:1:    layout_diamond_mine, basic_altar, serial_shops, shop,
          nicolae_shop_getting_attention, nicolae_shop_just_a_little_nook, shop
Orc:2:    st_orc_pillars, layout_caves, gammafunk_ghost_split
Elf:1:    layout_rooms, hangedman_elf_represent, uniq_donald
Elf:2:    nicolae_elf_blades_crystal_corner, layout_loops_corners, serial_shops,
          nicolae_shop_hallway_plus, solitary_fountain, kilobyte_rumbling_trees
Elf:3:    minmay_elf_hall_four_x, layout_geoelf_octagon, drop_trap, minivault_4,
          minmay_shop_star
Vaults:1: vaults_room_fancy_cross, v_pattern_1, v_misc_9,
          ontoclasm_vaults_pinch, nicolae_vaults_frosty_reception, v_misc_3,
          layout_vaults_big_room
Vaults:2: v_alt_pattern_5, nicolae_vaults_angled_halls, nicolae_vaults_swerve,
          dpeg_vaults_monster_box, nicolae_vaults_gold_heap,
          nicolae_vaults_cochlea, nicolae_vaults_trapezoid_lopsided_4,
          v_misc_28, nicolae_vaults_sesquioval_fish, nicolae_vaults_two_Ls,
          nicolae_vaults_trapezoid_lopsided_1, nicolae_vaults_mini_display_case,
          layout_vaults_omnibox
Vaults:3: v_misc_4, minmay_crypt_entry_necro_gods, grunt_vaults_funnel,
          hangedman_vaults_unwind, v_rooms_3, nicolae_vaults_network_quinsquares
          [nicolae_vaults_network_quincunx_subvault,
          nicolae_vaults_network_quincunx_subvault,
          nicolae_vaults_network_quincunx_subvault,
          nicolae_vaults_network_quincunx_subvault],
          nicolae_vaults_oval_intersection, nicolae_vaults_weapon_check,
          nicolae_vaults_apartment_1, v_misc_22, nicolae_vaults_octothorpe,
          layout_vaults_big_cross
Vaults:4: v_misc_18, nicolae_vaults_theta, dpeg_vaults_monster_row,
          hangedman_vaults_nails, nicolae_vaults_little_squares_1, v_rooms_6,
          nicolae_vaults_two_Ls, v_pattern_2, ontoclasm_vaults_idyll,
          layout_vaults_omnigrid
Vaults:5: serial_shops, uniq_frederick, uniq_jory, uniq_mennas
Depths:1: gammafunk_its_a_trap, layout_cave_pools, enter_ziggurat_f,
          minmay_misc_feat_tiny, pf_vacation_house_of_asmodeus, st_stairs_4,
          minmay_hidden_floor, uniq_aizul
Depths:2: kennysheep_six_static_rooms, layout_gridlike,
          nicolae_elyvilon_temple_path, serial_rivers,
          chequers_serial_rivers_micro_a, chequers_serial_rivers_micro_a,
          chequers_serial_rivers_micro_a, chequers_serial_rivers_room_b,
          chequers_serial_rivers_room_b, pan_entry, hell_entry,
          minmay_staircase_windowed_small
Depths:3: regret_index_dithmenos_brocken_genspenst, layout_cave_pools,
          hellmouth_1, abyss_entry, kennysheep_donut, bh_walls_and_bars
Depths:4: grunt_zot_entry_pinwheel, layout_twisted_cross,
          grunt_hell_entry_demonic_statue, nicolae_ru_great_annihilating_truth
Zot:1:    layout_basic, st_small_dragon_hoard_1, hangedman_feature_mirror,
          grunt_megastairs_3
Zot:2:    layout_gridlike, nicolae_diode_intersection
Zot:3:    minmay_elemental_castle, layout_basic
Zot:4:    layout_cathedral_of_symmetry
Zot:5:    layout_misc_corridors

Skill      XL: |  1  2  3  4  5  6  7  8  9 10 11 12 13 14 15 16 17 18 19 20 21 22 23 24 25 26 |
---------------+-------------------------------------------------------------------------------+-----
Axes           | 1 2 3 4 5 6 8 10 11 12 14 15 16 17 18 20 22 23 24 | 24.2
Fighting       | 4 5 6 8 9 10 11 12 13 15 16 18 20 21 23 24 26 27 | 27.0
Armour         | 3 4 5 6 7 8 9 10 11 12 13 14 16 17 18 19 20 21 23 25 26 | 26.0
Dodging        | 3 4 5 6 7 8 9 10 11 12 13 14 15 16 17 18 19 20 21 23 24 | 24.1
Throwing       | 1 2 |  2.0
Evocations     | 1 3 4 5 6 7 8 9 10 11 12 13 | 13.0
Shields        | 4 7 10 11 13 14 15 16 17 18 19 20 21 22 | 22.2
Maces & Flails | |  3.6

Action                     |  1- 3 |  4- 6 |  7- 9 | 10-12 | 13-15 | 16-18 | 19-21 | 22-24 | 25-27 || total
---------------------------+-------+-------+-------+-------+-------+-------+-------+-------+-------++-------
  Melee: Mace              |    74 |       |       |       |       |       |       |       |       ||    74
         Headbutt          |     5 |    10 |    54 |   140 |   201 |   308 |   305 |   454 |   182 ||  1659
         Scimitar          |    20 |    89 |       |       |       |       |       |       |       ||   109
         Hand axe          |       |    10 |    42 |    12 |       |       |       |       |       ||    64
         Spear             |       |     4 |       |       |       |       |       |       |       ||     4
         Morningstar       |       |    35 |   215 |   489 |       |       |       |       |       ||   739
         Glaive            |       |       |       |     3 |       |       |       |       |       ||     3
         Punch             |       |       |       |     1 |       |       |       |       |       ||     1
         War axe           |       |       |       |    51 |   974 |  1167 |   595 |       |       ||  2787
         Broad axe         |       |       |       |       |       |       |   501 |   884 |   335 ||  1720
         Lance             |       |       |       |       |       |       |       |   470 |   134 ||   604
  Throw: Dart              |       |       |     4 |    12 |       |     1 |       |       |       ||    17
 Invoke: Berserk           |     1 |     2 |     4 |     5 |     7 |    11 |       |     2 |     1 ||    33
         Trog's Hand       |       |       |     2 |     3 |     4 |     7 |    15 |    25 |     8 ||    64
         Brothers in Arms  |       |       |       |       |       |     3 |       |     1 |       ||     4
  Evoke: Wand              |       |       |     4 |     5 |     4 |     6 |     1 |     5 |     5 ||    30
         Condenser vane    |       |       |       |       |     1 |     1 |     1 |     1 |       ||     4
    Use: Scroll            |       |     1 |     7 |    14 |     9 |     6 |    13 |    18 |     1 ||    69
         Potion            |       |     1 |     4 |       |     4 |     3 |     8 |     3 |    22 ||    45
   Stab: Paralysed         |       |       |     1 |     3 |       |       |       |     4 |       ||     8
         Distracted        |       |       |       |       |       |     1 |     5 |    14 |       ||    20
         Petrifying        |       |       |       |       |       |       |     1 |       |       ||     1
         Sleeping          |       |       |       |       |       |       |       |     4 |       ||     4
 Armour: Animal skin       |    14 |       |       |       |       |       |       |       |       ||    14
         Ring mail         |     6 |    52 |    38 |       |       |       |       |       |       ||    96
         Chain mail        |       |       |   182 |   187 |       |       |       |       |       ||   369
         Plate armour      |       |       |       |     9 |   253 |   356 |   238 |   176 |       ||  1032
         Shadow dragon sca |       |       |       |       |       |       |       |   119 |   118 ||   237
  Dodge: Dodged            |    78 |    86 |   257 |   316 |   529 |   814 |   449 |   448 |   179 ||  3156
  Block: Kite shield       |       |       |       |   275 |   532 |   737 |   551 |   501 |   258 ||  2854
         Tower shield      |       |       |       |       |       |       |       |   301 |       ||   301
